 Dungeon Crawl Stone Soup version 0.19-a0-1907-gcff654f (webtiles) character file.

4548 JeffiDaFish the Cleaver (level 10, -7/86 HPs)
             Began as a Hill Orc Fighter on Oct 21, 2016.
             Was a Believer of Beogh.
             Mangled by a troll (11 damage)
             ... on level 9 of the Dungeon.
             The game lasted 00:26:26 (8699 turns).

JeffiDaFish the Cleaver (Hill Orc Fighter)          Turns: 8699, Time: 00:26:27

Health: -7/86      AC: 22    Str: 22    XL:     10   Next: 40%
Magic:  16/16      EV: 12    Int:  8    God:    Beogh [**....]
Gold:   281        SH: 12    Dex: 11    Spells: 1 memorised, 16 levels left

rFire  . . .     SeeInvis .     r - +2 hand axe of the Jolly Orbs {protect, rC+}
rCold  + . .     Gourm    .     o - +0 chain mail
rNeg   . . .     Faith    .     c - +1 shield
rPois  .         Spirit   .     j - +0 helmet
rElec  .         Reflect  .     y - +2 cloak {+Inv}
rCorr  .         Harm     .     (no gloves)
MR     .....                    (no boots)
Stlth  ..........               t - amulet of rage
                                (no ring)
                                b - +5 ring of evasion

@: lethally poisoned (-7 -> -7), protection aura
A: no striking features
a: Smiting, Renounce Religion, Evoke Berserk Rage, Evoke Invisibility


You were on level 9 of the Dungeon.
You worshipped Beogh.
Beogh was pleased with you.
You were not hungry.

You visited 1 branch of the dungeon, and saw 9 of its levels.

You collected 513 gold pieces.
You spent 232 gold pieces at shops.

Inventory:

Hand Weapons
 a - a +0 war axe {dildo}
 r - the +2 hand axe of the Jolly Orbs (weapon) {protect, rC+}
   (You bought it in a shop on level 8 of the Dungeon)

   It protects the one who uses it against injury (+AC on strike).
   It protects you from cold.
Armour
 c - a +1 shield (worn)
 j - a +0 helmet (worn)
 o - a +0 chain mail (worn)
 y - a +2 cloak of invisibility (worn)
Jewellery
 b - a +5 ring of evasion (left hand)
 t - an amulet of rage (around neck)
Wands
 e - a wand of iceblast (5/15)
 l - a wand of slowing (23/48)
Scrolls
 m - 3 scrolls of fear
 n - 5 scrolls of identify
 q - 4 scrolls of teleportation
 s - 2 scrolls of amnesia
 x - a scroll of remove curse
 A - a scroll of magic mapping
Potions
 d - 3 potions of might
 h - 5 potions of curing
 p - 2 potions of flight
 w - a potion of heal wounds
Books
 u - a book of Conjurations

   Spells                             Type                      Level
   a - Magic Dart                     Conjuration                  1
   b - Searing Ray                    Conjuration                  2
   c - Dazzling Spray                 Conjuration/Hexes            3
   d - Fulminant Prism                Conjuration/Hexes            4
   e - Iskenderun's Mystic Blast      Conjuration                  4
   f - Iskenderun's Battlesphere      Conjuration/Charms           5
 v - the Incunabulum of Spatial Unholy Magic
   (You found it on level 8 of the Dungeon)

   Spells                             Type                      Level
   a - Animate Skeleton               Necromancy                   1
   b - Lesser Beckoning               Translocation                3
   c - Portal Projectile              Translocation                3
   d - Passage of Golubria            Translocation                4
   e - Dispel Undead                  Necromancy                   5
Comestibles
 f - 3 bread rations
 g - 2 chunks of flesh
 i - 4 meat rations
 k - a beef jerky


   Skills:
 + Level 7.6 Fighting
 + Level 10.3 Axes
 + Level 7.4 Armour
 - Level 1.2 Dodging
 + Level 7.2 Shields
 * Level 4.3 Spellcasting
 + Level 4.5 Conjurations


You had 16 spell levels left.
You knew the following spells:

 Your Spells              Type           Power        Failure   Level  Hunger
a - Magic Dart            Conj           #...         83%         1    #......


Dungeon Overview and Level Annotations

Branches:
Dungeon (9/15)             Temple (0/1) D:5
   Lair: D:8-11         Orc: D:9-12

Altars:
Ashenzari
Fedhas
Gozag
Kikubaaqudgha
Qazlal
Trog
Vehumet

Shops:
D:4 (!(   D:5 *   D:8 (

Annotations:
D:9 Erica


Message History

You block the troll's attack.
You closely miss the troll.
The troll is severely wounded.
You feel sick. The troll bites you but does no damage.
You block the troll's attack. The troll closely misses you.
Your shield and chain mail prevent you from hitting the troll.
The troll is severely wounded.
You block the troll's attack. The troll barely misses you.
The troll claws you but does no damage.
You hit the troll but do no damage.
The troll is severely wounded.
Your shield and chain mail prevent you from hitting the troll.
The troll is severely wounded.
The troll bites you!
* * * LOW HITPOINT WARNING * * *
The troll misses you. The troll claws you but does no damage.
You barely miss the troll.
The troll is severely wounded.
You feel sick. The troll bites you!
You die...

########### ############
#.........###
...........##########............
...........'....@T())............
...........##########............
.≈.........# #........♣
.≈♣........# #....≈≈♣♣≈♣
.≈≈≈.......# ###...≈♣♣≈♣♣≈≈
.≈≈≈P......# #...♣≈≈≈≈≈≈≈T≈≈
.≈P≈♣......# #..≈≈PP≈PP≈≈≈≈≈
.P≈≈≈####### #.≈≈P≈♣P≈≈≈≈≈≈≈
.≈P≈≈#...# #♣P≈≈≈≈≈≈≈≈≈≈≈≈


You could see a troll.

Vanquished Creatures
  A queen bee (D:9)
  2 hippogriffs
  3 hungry ghosts
  Grum (D:8)
  Menkaure (D:6)
  2 orc warriors
  A sky beast (D:6)
  A phantom (D:4)
  2 ogres
  3 wolves (D:8)
  4 centaurs
  Blork the orc (D:6)
  A big kobold (D:7)
  3 bullfrogs
  2 scorpions
  3 wights (D:9)
  10 killer bees (D:9)
  3 howler monkeys (D:7)
  2 electric eels (D:9)
  A bullfrog zombie (D:9)
  4 crimson imps
  6 hounds
  Crazy Yiuf (D:6)
  A bullfrog skeleton (D:8)
  2 jellies
  2 centaur skeletons
  Natasha (twice) (D:3 D:5)
  Terence (D:2)
  6 orc wizards
  5 worker ants
  A hound zombie (D:6)
  A hound skeleton (D:7)
  A worker ant zombie (D:7)
  A howler monkey skeleton (D:6)
  7 adders
  4 shadow imps
  3 oozes
  9 worms
  2 dart slugs
  2 leopard geckos
  11 orcs
  2 ball pythons
  10 bats
  5 giant cockroaches
  6 hobgoblins
  3 jackals (D:1)
  5 frilled lizards
  3 goblins
  14 kobolds
  A leopard gecko zombie (D:7)
  A quokka zombie (D:6)
  7 rats
  A fungus (D:6)
177 creatures vanquished.

Vanquished Creatures (others)
  An orc priest (D:4)
  3 orcs (D:4)
  17 plants (D:9)
21 creatures vanquished.

Grand Total: 198 creatures vanquished

Notes
Turn   | Place    | Note
-------+----------+-------------------------------------------
     0 | D:1      | JeffiDaFish the Hill Orc Fighter began the quest for the Orb.
     0 | D:1      | Reached XP level 1. HP: 19/19 MP: 1/1
    61 | D:1      | Reached XP level 2. HP: 26/27 MP: 2/2
   167 | D:1      | Reached skill level 3 in Axes
   296 | D:1      | Reached XP level 3. HP: 22/33 MP: 3/3
  1068 | D:2      | Noticed Terence
  1095 | D:2      | Killed Terence
  1095 | D:2      | Reached XP level 4. HP: 25/40 MP: 4/4
  1275 | D:2      | Reached skill level 4 in Axes
  1407 | D:2      | Found an ancient bone altar of Kikubaaqudgha.
  1617 | D:2      | Found a radiant altar of Vehumet.
  1782 | D:3      | Noticed Natasha
  1801 | D:3      | Killed Natasha
  1801 | D:3      | Reached XP level 5. HP: 22/46 MP: 5/5
  2209 | D:3      | Reached skill level 1 in Dodging
  2715 | D:4      | Found a shattered altar of Ashenzari.
  2775 | D:4      | Found Sam Buus's Distillery.
  2826 | D:4      | Reached XP level 6. HP: 52/52 MP: 6/6
  2881 | D:4      | Found Uveatsutimm's Weapon Emporium.
  2901 | D:4      | Found Firel's Antique Weapon Emporium.
  2938 | D:4      | Reached skill level 5 in Axes
  2967 | D:4      | Became a worshipper of Beogh the Brigand
  3015 | D:4      | Noticed a phantom
  3049 | D:4      | Killed a phantom
  3049 | D:4      | Reached skill level 5 in Armour
  3335 | D:5      | Entered Level 5 of the Dungeon
  3567 | D:5      | Found Gozag's Platinum Reserve.
  3579 | D:5      | Found an opulent altar of Gozag.
  3657 | D:5      | Reached XP level 7. HP: 47/60 MP: 7/7
  3813 | D:5      | Found a blossoming altar of Fedhas.
  3835 | D:5      | Reached skill level 6 in Axes
  3841 | D:5      | Found a staircase to the Ecumenical Temple.
  3915 | D:5      | Noticed Natasha
  3924 | D:5      | Killed Natasha
  3924 | D:5      | Reached skill level 5 in Shields
  4114 | D:6      | Reached skill level 5 in Fighting
  4114 | D:6      | Reached skill level 7 in Axes
  4217 | D:6      | Noticed Blork the orc
  4231 | D:6      | Reached XP level 8. HP: 37/68 MP: 8/8
  4239 | D:6      | Killed Blork the orc
  4239 | D:6      | Reached skill level 8 in Axes
  4268 | D:6      | Noticed Menkaure
  4397 | D:6      | Killed Menkaure
  4715 | D:6      | Learned a level 1 spell: Magic Dart
  4927 | D:6      | Reached skill level 1 in Conjurations
  5098 | D:6      | Reached * piety under Beogh
  5098 | D:6      | Reached skill level 1 in Spellcasting
  5546 | D:6      | Found a bloodstained altar of Trog.
  5656 | D:6      | Found a runed door.
  5660 | D:6      | Noticed Crazy Yiuf
  5667 | D:6      | Killed Crazy Yiuf
  5947 | D:7      | Found a stormy altar of Qazlal.
  6077 | D:7      | Reached skill level 9 in Axes
  6109 | D:7      | Reached XP level 9. HP: 75/75 MP: 11/11
  6927 | D:8      | Reached ** piety under Beogh
  6993 | D:8      | Found Cedwaff's Antique Weapon Shop.
  7023 | D:8      | Bought a brightly glowing hand axe for 232 gold pieces
  7023 | D:8      | Identified the cursed +2 hand axe of the Jolly Orbs {protect, rC+} (You bought it in a shop on level 8 of the Dungeon)
  7104 | D:8      | Noticed Grum
  7150 | D:8      | Killed Grum
  7236 | D:8      | Reached XP level 10. HP: 23/84 MP: 15/15
  7501 | D:8      | Identified the Incunabulum of Spatial Unholy Magic
  7614 | D:8      | Reached skill level 10 in Axes
  7749 | D:9      | Noticed Erica
  8699 | D:9      | HP: 4/86 [poisoned by a killer bee]
  8699 | D:9      | Mangled by a troll

Vault maps used:
D:1:      evilmike_arrival_crescent, serial_glass, glass_columns_b,
          glass_columns_a
D:2:      lemuel_round_altar, vehumet_crystals, first_bread, uniq_terence
D:3:      minmay_wonky_spiral, uniq_natasha
D:4:      serial_shops, shop, shop, nicolae_shop_waterfront,
          cheibrodos_ashenzari_chains
D:5:      nicolae_gozag_zags_fifth_avenue, serial_corexii_hall,
          corexii_hall_statues_l, corexii_hall_statues_deadend, fedhas_altar_2
D:6:      lightli_temple_of_fire, uniq_blork_the_orc, uniq_crazy_yiuf_cottage,
          uniq_menkaure
D:7:      overflow_temple_1_default
D:8:      serial_shops, nicolae_shop_overgrown_old_shop, uniq_grum
D:9:      serial_shops, kennysheep_mini, serial_bayou, serial_bayou_pond_e,
          serial_bayou_lake_a, serial_bayou_ford_a, serial_bayou_lagoon_a,
          serial_bayou_lagoon_b, serial_bayou_pond_e, david_nohive_1, uniq_erica

Skill      XL: |  1  2  3  4  5  6  7  8  9 10 |
---------------+-------------------------------+-----
Axes           | 3 4 5 7 9 10 | 10.3
Fighting       | 4 5 6 7 |  7.6
Armour         | 4 5 6 7 |  7.4
Shields        | 4 5 6 7 |  7.2
Dodging        | 1 |  1.2
Conjurations   | 2 4 |  4.5
Spellcasting   | 1 3 4 |  4.3

Action                   |  1- 3 |  4- 6 |  7- 9 | 10-12 || total
-------------------------+-------+-------+-------+-------++-------
Melee: War axe           |   130 |   220 |   392 |       ||   742
       Hand axe          |       |       |    68 |   255 ||   323
Invok: Convert to Beogh  |       |     1 |       |       ||     1
  Use: Potion            |     5 |     1 |     1 |     1 ||     8
       Scroll            |     2 |     6 |     5 |     1 ||    14
 Stab: Invisible         |       |       |     1 |       ||     1
  Eat: Chunk             |     1 |     7 |     5 |     1 ||    14
       Royal jelly       |       |     1 |       |       ||     1
       Fruit             |       |       |     3 |       ||     3
       Meat ration       |       |       |     2 |       ||     2
       Bread ration      |       |       |     1 |     1 ||     2
Armor: Scale mail        |    63 |    45 |       |       ||   108
       Chain mail        |       |    80 |   212 |   112 ||   404
Dodge: Dodged            |    59 |    53 |   136 |   149 ||   397
Block: Shield            |    83 |   126 |   214 |   205 ||   628
